 Dungeon Crawl Stone Soup version 0.30.0-10-gfe55d96785 (webtiles) character file.

Game seed: 10342988909072898497

45 olmar the Trooper (level 3, -5/34 HPs)
             Began as a Naga Fighter on May 15, 2023.
             Slain by Crazy Yiuf
             ... wielding a +4 quarterstaff of chaos
              (10 damage)
             ... on level 2 of the Dungeon.
             The game lasted 00:01:27 (1264 turns).

olmar the Trooper (Naga Fighter)                    Turns: 1264, Time: 00:01:28

Health: -5/34      AC:  5    Str: 20    XL:     3   Next: 64%
Magic:  3/3        EV:  7    Int:  8    God:
Gold:   130        SH:  4    Dex: 10    Spells: 2/2 levels left

rFire   . . .        a - +0 flail
rCold   . . .        c - +0 buckler
rNeg    . . .        b - +0 scale mail
rPois   +            (no helmet)
rElec   .            j - +0 cloak
rCorr   .            (no gloves)
SInv    +            (no barding)
Will    .....        r - amulet of regeneration Stlth
                     (no ring)
HPRegen 1.05/turn    (no ring)
MPRegen 0.08/turn

%: no passive effects
@: mighty, very slow
A: AC +1, large, see invisible, deformed body, poison resistance, slowness 2,
spit poison 1, naga tail 1
a: Spit Poison


You were on level 2 of the Dungeon.
You visited 1 branch of the dungeon, and saw 2 of its levels.

You collected 130 gold pieces.

Inventory:

Hand Weapons
 a - a +0 flail (weapon)
Armour
 b - a +0 scale mail (worn)
 c - a +0 buckler (worn)
 j - a +0 cloak (worn)
Jewellery
 r - an amulet of regeneration (around neck)
Wands
 o - a wand of flame (13)
Scrolls
 e - a scroll of magic mapping {unknown}
 g - a scroll of noise {unknown}
 i - 2 scrolls of identify {unknown}
 k - 2 scrolls of blinking {unknown}
 m - a scroll of amnesia {unknown}
 n - a scroll of enchant weapon {unknown}
 q - a scroll of enchant armour {unknown}
 s - a scroll of silence {unknown}
 t - a scroll of teleportation {unknown}
Potions
 f - 2 potions of curing
 h - 2 potions of brilliance {unknown}
 l - a potion of mutation {unknown}
 p - a potion of degeneration {unknown}


   Skills:
 + Level 3.3 Fighting
 + Level 2.6 Maces & Flails
 + Level 2.8 Armour
 + Level 3.0 Shields


You had 2 spell levels left.
You didn't know any spells.
Your spell library contained the following spells:

 Spells                   Type           Power      Damage    Failure   Level
 Inner Flame              Hex/Fire       0%         N/A       99%         3
 Yara's Violent Unravell  Hex/Tmut       0%         3d3       100%        5
 Enfeeble                 Hex            0%         N/A       100%        7


Dungeon Overview and Level Annotations

Branches:
Dungeon (2/15)

Altars:

Annotations:
D:2 Crazy Yiuf


Innate Abilities, Weirdness & Mutations

Your serpentine skin is tough. (AC +1)
You have supernaturally acute eyesight. (SInv)
Armour fits poorly on your strangely shaped body.
Your system is resistant to poisons. (rPois)
You cover ground very slowly.
You can spit poison.
You have a snake-like lower body.


Message History

No target in view!
No target in view!
No target in view!
No target in view!
No target in view!
You now have 116 gold pieces (gained 5).
i - 2 scrolls labelled OWKUEMMO EMEA (gained 1)
You now have 130 gold pieces (gained 14).
Crazy Yiuf shouts!
Crazy Yiuf laughs, "Whiteboard!"; Crazy Yiuf grits, "Mama ladder hand!"
Could not explore, unopened runed door.
Could not explore, unopened runed door.
Press: ? - help, v - describe, . - travel
Here: Crazy Yiuf, wielding a +4 quarterstaff of chaos and wearing a +0 cloak (fire blocked by a runed translucent door)
The floor.
Okay, then.
You feel very mighty all of a sudden.
Unknown command.
You open the door. You sock Crazy Yiuf!
Crazy Yiuf is severely wounded.
Crazy Yiuf drinks a potion.
Crazy Yiuf is healed!
Unknown command.
You hit Crazy Yiuf.
Crazy Yiuf is severely wounded.
Crazy Yiuf hits you with a +4 quarterstaff of chaos!
You are electrocuted!
* * * LOW HITPOINT WARNING * * *
You hit Crazy Yiuf.
Crazy Yiuf is almost dead.
Crazy Yiuf cries, "Whiteboard bag arga!"
Crazy Yiuf completely misses you.
Crazy Yiuf hits you with a +4 quarterstaff of chaos!
* * * LOW HITPOINT WARNING * * *
Unknown command.
You barely miss Crazy Yiuf.
Crazy Yiuf is almost dead.
Crazy Yiuf cries, "Dawk!"
Crazy Yiuf hits you with a +4 quarterstaff of chaos!
You die...

##### #)..# ########### #...#
#.........# ... #.........# #g#
#.........# ♣@♣♣ #.........#
♣♣.♣ ###### #.........# ♣.♣♣
#..... #.........# ♣♣.♣ ####
#..... #.........# ♣♣.♣♣ #..##
#..... #.........# ♣♣...♣
#...###..#.# #.........# ♣....♣
#....#..##.# #.<.......# #....#
#....#)###.#
####..###.####....###......#...#


You could see Crazy Yiuf.

Vanquished Creatures
  A worm (D:2)
  A dart slug (D:2)
  An orc (D:2)
  4 ball pythons
  3 giant cockroaches (D:1)
  6 goblins
  6 hobgoblins (D:1)
  4 kobolds
  A quokka (D:1)
  4 bats
  2 frilled lizards (D:1)
  2 rats (D:1)
35 creatures vanquished.

Notes
Turn   | Place    | Note
-------+----------+-------------------------------------------
     0 | D:1      | olmar the Naga Fighter began the quest for the Orb.
     0 | D:1      | Reached XP level 1. HP: 21/21 MP: 1/1
   145 | D:1      | Reached XP level 2. HP: 28/28 MP: 2/2
   428 | D:1      | Found a faded altar of an unknown god.
   454 | D:1      | Reached XP level 3. HP: 32/34 MP: 3/3
  1140 | D:2      | Found a runed translucent door.
  1141 | D:2      | Noticed Crazy Yiuf
  1264 | D:2      | Slain by Crazy Yiuf

Illustrated notes

Levels and vault maps discovered:
D:1:      mrwooster_arrival_statue_2, layout_loops_ring,
          nicolae_ecumenical_snake_handling
D:2:      layout_rooms, uniq_crazy_yiuf_cottage

Skill      XL: |  1  2 |
---------------+-------+-----
Shields        | 3 |  3.0
Fighting       | |  3.3
Maces & Flails | |  2.6
Armour         | |  2.8

Action                     || total
---------------------------++-------
  Melee: Flail             ||    85
Ability: Spit Poison       ||     3
    Use: Potion            ||     1
 Armour: Scale mail        ||    40
  Dodge: Dodged            ||    44
  Block: Buckler           ||    15
